 Dungeon Crawl Stone Soup version 0.25-a0-98-g0cf78c2f83 (webtiles) character file.

Game seed: 9340646670367701667, levelgen mode: deterministic

713 MrRokkomies the Skirmisher (level 7, -7/64 HPs)
             Began as a Ghoul Monk on Nov 13, 2019.
             Mangled by an ogre
             ... wielding a +0 giant spiked club
              (25 damage)
             ... on level 5 of the Dungeon.
             The game lasted 00:05:31 (3066 turns).

MrRokkomies the Skirmisher (Ghoul Monk)             Turns: 3066, Time: 00:05:31

Health: -7/64      AC:  9    Str: 17    XL:     7   Next: 69%
Magic:  6/6        EV:  5    Int:  5    God:
Gold:   216        SH:  8    Dex: 11    Spells: 6/6 levels left

rFire    . . .     SeeInvis .     - Unarmed
rCold    + . .     Gourm    .   c - +0 shield
rNeg     + + +     Faith    .   f - +0 chain mail
rPois    ∞         Spirit   .   (no helmet)
rElec    .         Reflect  .   (no cloak)
rCorr    .         Harm     .   (no gloves)
MR       .....                  o - +0 pair of boots
Stlth    ..........             (no amulet)
HPRegen  0.00/turn              (no ring)
MPRegen  0.10/turn              (no ring)

@: rotting
A: rotting body, claws 1, carnivore, cold resistance 1, negative energy
resistance 3, inhibited regeneration, torment resistance, unbreathing
a: no special abilities


You were on level 5 of the Dungeon.
You were not hungry.

You visited 1 branch of the dungeon, and saw 5 of its levels.

You collected 216 gold pieces.

Inventory:

Missiles
 i - 7 boomerangs (quivered)
Armour
 c - a +0 shield (worn)
 f - a +0 chain mail (worn)
 o - a +0 pair of boots (worn)
Scrolls
 d - 7 scrolls of identify
 g - 3 scrolls of remove curse
 l - a scroll of random uselessness {unknown}
 n - a scroll of immolation {unknown}
Potions
 a - a potion of might {unknown}
 e - 2 potions of flight
 h - a potion of degeneration {unknown}
 k - a potion of haste {unknown}
 m - 2 potions of curing
Comestibles
 b - 12 rations


   Skills:
 * Level 6.7 Fighting
 - Level 2.6 Dodging
 - Level 2.1 Stealth
 + Level 2.7 Shields
 * Level 6.6 Unarmed Combat


You had 6 spell levels left.
You didn't know any spells.
Your spell library was empty.

Dungeon Overview and Level Annotations

Branches:
Dungeon (5/15)
 Temple: D:4-7

Altars:
Xom
The Shining One


Innate Abilities, Weirdness & Mutations

Your body is rotting away.
You thrive on raw meat.
You are immune to poison.
You have sharp fingernails.
You are carnivorous and can eat meat at any time.
Your flesh is cold resistant. (rC+)
You are immune to negative energy. (rN+++)
You do not regenerate when monsters are visible.
You are immune to unholy pain and torment.
You can survive without breathing.


Message History

The bullfrog skeleton hits you but does no damage.
You claw the bullfrog skeleton!
The bullfrog skeleton is severely damaged.
The bullfrog skeleton hits you but does no damage.
The bullfrog skeleton hits you.
You claw the bullfrog skeleton!
The bullfrog skeleton is almost destroyed.
The bullfrog skeleton closely misses you.
You barely miss the bullfrog skeleton.
The bullfrog skeleton is almost destroyed.
The bullfrog skeleton hits you.
* * * LOW HITPOINT WARNING * * *
A phantom comes into view.
You scratch the bullfrog skeleton.
You destroy the bullfrog skeleton!
You aren't carrying any items that you can evoke.
As you read the scroll labeled TIOCRY RUONUAS, it crumbles to dust.
You feel blessed for a moment.
It was a scroll of remove curse.
The ogre hits you with a +0 giant spiked club!!
You die...

# .. .### .. ...## #..
#..>### # .# .##..
#.%..>#.#...
.....####...)......
.#.....####(..# ..
#...@Os/.## .##.
##..##w..# .(...
#.##........
.....##.##...#.....
......#.##..##.....
........#...#.........
.... #...............
...###...............
....#..............


You could see an ogre, a worm and a scorpion.

Vanquished Creatures
  A phantom (D:4)
  A centaur (D:5)
  A howler monkey (D:4)
  A hound (D:4)
  A jelly (D:5)
  3 orc priests
  A bullfrog skeleton (D:5)
  An iguana (D:4)
  2 worker ants (D:4)
  2 hound skeletons (D:4)
  A howler monkey skeleton (D:4)
  5 adders
  8 gnolls
  An ooze (D:2)
  5 dart slugs
  2 leopard geckos
  17 orcs
  5 giant cockroaches
  5 goblins
  4 hobgoblins
  A quokka (D:3)
  4 bats
  4 frilled lizards
  5 kobolds
  3 rats (D:2)
84 creatures vanquished.

Notes
Turn   | Place    | Note
-------+----------+-------------------------------------------
     0 | D:1      | MrRokkomies the Ghoul Monk began the quest for the Orb.
     0 | D:1      | Reached XP level 1. HP: 19/19 MP: 0/0
   279 | D:1      | Reached XP level 2. HP: 26/26 MP: 1/1
   592 | D:2      | Reached XP level 3. HP: 8/33 MP: 2/2
   662 | D:2      | Reached XP level 4. HP: 31/41 MP: 3/3
   747 | D:2      | Found a glowing golden altar of the Shining One.
  1503 | D:3      | Reached XP level 5. HP: 15/47 MP: 4/4
  1567 | D:2      | Reached skill level 1 in Shields
  1826 | D:2      | Reached skill level 5 in Fighting
  1826 | D:2      | Reached skill level 5 in Unarmed Combat
  2065 | D:3      | Reached XP level 6. HP: 12/56 MP: 5/5
  2357 | D:3      | Found a shimmering altar of Xom.
  2640 | D:4      | Reached XP level 7. HP: 49/63 MP: 6/6
  2959 | D:5      | Entered Level 5 of the Dungeon
  3066 | D:5      | Mangled by an ogre

Levels and vault maps discovered:
D:1:      wander_arrival_lonely_grave, layout_rooms
D:2:      layout_loops_ring, tso_altar
D:3:      layout_rooms, tgw_xom
D:4:      layout_rooms, kennysheep_boxes
D:5:      layout_cave_pools, vehumet_altar_wand_db, lemuel_doored_altar,
          first_ration

Skill      XL: |  1  2  3  4  5  6 |
---------------+-------------------+-----
Fighting       | 4 5 6 |  6.7
Unarmed Combat | 4 5 6 |  6.6
Shields        | 1 2 |  2.7
Dodging        | |  2.6
Stealth        | |  2.1

Action                   |  1- 3 |  4- 6 |  7- 9 || total
-------------------------+-------+-------+-------++-------
Melee: Unarmed           |    54 |   209 |    76 ||   339
       Punch             |     1 |       |       ||     1
  Use: Potion            |     2 |       |       ||     2
       Scroll            |     1 |     1 |     1 ||     3
 Stab: Sleeping          |       |     2 |       ||     2
  Eat: Chunk             |     4 |    27 |     8 ||    39
Armor: Robe              |     2 |    21 |       ||    23
       Chain mail        |       |    41 |    45 ||    86
Dodge: Dodged            |    31 |    56 |    19 ||   106
Block: Shield            |     1 |    89 |    39 ||   129

Table legend:
 A = Non-vault XP
 B = Vault XP
 C = Vault XP percentage of total XP
 D = Non-vault monster count
 E = Vault monster count
 F = Vault count percentage of total count
                 A         B        C        D         E       F
            +---------+---------+-------+---------+---------+-------
      Total |     988 |      31 |   3.0 |      81 |       3 |   3.6
            +---------+---------+-------+---------+---------+-------
        D:1 |      24 |       0 |   0.0 |      12 |       0 |   0.0
        D:2 |     215 |       0 |   0.0 |      27 |       0 |   0.0
        D:3 |     113 |      30 |  21.0 |      13 |       2 |  13.3
        D:4 |     422 |       0 |   0.0 |      19 |       0 |   0.0
        D:5 |     214 |       1 |   0.5 |      10 |       1 |   9.1
            +---------+---------+-------+---------+---------+-------
